TL
EL PASO CHIHUAHUAS @ EL PASO SUN KINGS
06/14/1982
 
TOP OF THE 1ST
El Paso Chihuahuas batting - Pitching for El Paso Sun Kings : LHP Jesus Moreno
Pitching: LHP Jesus Moreno
Batting: RHB Steven Murray 0-0: Ball
1-0: Ball
2-0: Ball
3-0: Base on Balls
Batting: LHB Andy Van Slyke 0-0: Called Strike
0-1: Swinging Strike
0-2: Ball
1-2: Ball
2-2: Ball
3-2: Grounds out, U3 (Groundball, 3L, EV 82.5 MPH)
Batting: RHB Jesse Vann 0-0: Ball
1-0: Ball
2-0: Ball
3-0: Base on Balls
Batting: LHB Jerry Littmann 0-0: Swinging Strike
0-1: Fly out, F7 (Flyball, 7, EV 88.8 MPH)
Runner from 2nd tags up, OUT at 3rd! 7-5
Top of the 1st over - 0 runs, 0 hits, 0 errors, 1 left on base; El Paso 0 - El Paso 0
BOTTOM OF THE 1ST
El Paso Sun Kings batting - Pitching for El Paso Chihuahuas : RHP Tom Smith
Pitching: RHP Tom Smith
Batting: LHB Stanley Hendrickson 0-0: Foul Ball, location: 2F
0-1: Called Strike
0-2: Ball
1-2: Ball
2-2: Ball
3-2: SINGLE (Groundball, 34D, EV 94.4 MPH)
Batting: RHB Dionisio DeJesus 0-0: Swinging Strike
0-1: Ball
Wild Pitch!
Stanley Hendrickson to second
1-1: Fly out, F8 (Line Drive, 8LD, EV 105.0 MPH)
Batting: LHB Franklin Lopez 0-0: Ball
1-0: Called Strike
1-1: Ball
2-1: SINGLE (Groundball, 4D, EV 101.3 MPH)
Stanley Hendrickson to third
Runner from 3rd tries for Home, SAFE, throw by RF to home
Batting: SHB Keith Thrower 0-0: Ball
1-0: Ball
2-0: Ball
3-0: Called Strike
3-1: Swinging Strike
3-2: Base on Balls
Franklin Lopez to second
Pitching: RHP Alejandro Pena
Batting: SHB Danny Torres 0-0: Ball
1-0: DOUBLE (Line Drive, 7LM, EV 98.1 MPH)
Franklin Lopez scores
Keith Thrower to third
Batting: RHB Danny Ramires 0-0: Ball
1-0: Called Strike
1-1: Foul Ball, location: 2F
1-2: Foul Ball, location: 2F
1-2: Ball
2-2: Strikes out swinging
Batting: RHB Mike Anicich 0-0: Ball
1-0: Ball
2-0: Called Strike
2-1: SINGLE (Flyball, 56D, EV 91.3 MPH)
Keith Thrower scores
Danny Torres to third
Runner from 3rd tries for Home, SAFE, throw by LF to home
Batting: RHB Christopher Hudson 0-0: Ball
1-0: Foul Ball, location: 2F
1-1: Ball
2-1: Ball
3-1: Base on Balls
Mike Anicich to second
Batting: RHB Lance Ediger 0-0: Called Strike
0-1: Ball
Wild Pitch!
Mike Anicich to third
Christopher Hudson to second
1-1: Called Strike
1-2: Strikes out looking
Bottom of the 1st over - 4 runs, 4 hits, 0 errors, 2 left on base; El Paso 0 - El Paso 4
TOP OF THE 2ND
El Paso Chihuahuas batting - Pitching for El Paso Sun Kings : LHP Jesus Moreno
Batting: RHB Bill Lyons 0-0: Ball
1-0: Fly out, F9 (Line Drive, 9D, EV 91.9 MPH)
Batting: LHB Dan Murphy 0-0: Ball
1-0: Ball
2-0: Swinging Strike
2-1: Called Strike
2-2: Strikes out swinging
Batting: RHB Tom Roarke 0-0: Ball
1-0: SINGLE (Flyball, 8RS, EV 88.1 MPH)
Batting: RHB Leo George 0-0: Ball
1-0: Foul Ball, location: 2F
1-1: Ball
2-1: Ball
3-1: Swinging Strike
3-2: Foul Ball, location: 2F
3-2: Foul Ball, location: 2F
3-2: Base on Balls
Tom Roarke to second
Batting: RHB William Parmenter 0-0: Ball
1-0: Ball
2-0: Called Strike
2-1: Ball
3-1: Base on Balls
Tom Roarke to third
Leo George to second
Batting: RHB Steven Murray 0-0: Ball
1-0: Ball
2-0: Foul Ball, location: 2F
2-1: Foul Ball, location: 2F
2-2: Ball
3-2: Base on Balls
Tom Roarke scores
Leo George to third
William Parmenter to second
Batting: LHB Andy Van Slyke 0-0: Ball
1-0: Ball
2-0: DOUBLE (Groundball, 3L, EV 105.6 MPH)
Leo George scores
William Parmenter scores
Steven Murray to third
Runner from 3rd tries for Home, SAFE, no throw by RF
Batting: RHB Jesse Vann 0-0: Foul Ball, location: 2F
0-1: Ball
1-1: Ground out 6-3 (Groundball, 56D, EV 86.9 MPH)
Top of the 2nd over - 4 runs, 2 hits, 0 errors, 1 left on base; El Paso 4 - El Paso 4
BOTTOM OF THE 2ND
El Paso Sun Kings batting - Pitching for El Paso Chihuahuas : RHP Alejandro Pena
Batting: LHB Stanley Hendrickson 0-0: Ball
1-0: SINGLE (Groundball, 56D, EV 94.4 MPH)
Batting: RHB Dionisio DeJesus 0-0: Called Strike
Stanley Hendrickson steals 2nd base
0-1: SINGLE (Groundball, 6MD, EV 94.4 MPH)
Stanley Hendrickson to third
Runner from 3rd tries for Home, SAFE, throw by CF to home
Dionisio DeJesus to second
Batting: LHB Franklin Lopez 0-0: Called Strike
0-1: Foul Ball, location: 2F
0-2: SINGLE (Groundball, 4MS, EV 66.3 MPH) (infield hit)
Dionisio DeJesus to third
Batting: SHB Keith Thrower 0-0: Grounds into double play, 5-4-3 (Groundball, 5, EV 91.3 MPH)
Dionisio DeJesus scores
Batting: SHB Danny Torres 0-0: Called Strike
0-1: Ball
1-1: Foul Ball, location: 2F
1-2: Ball
2-2: Ball
3-2: Foul Ball, location: 2F
3-2: Foul Ball, location: 2F
3-2: Base on Balls
Batting: RHB Danny Ramires 0-0: Foul Ball, location: 2F
0-1: Called Strike
0-2: Ball
1-2: Foul Ball, location: 2F
1-2: Ball
2-2: Ball
3-2: Base on Balls
Danny Torres to second
Batting: RHB Mike Anicich 0-0: Called Strike
0-1: Ball
1-1: SINGLE (Groundball, 34D, EV 111.9 MPH)
Danny Torres to third
Danny Ramires to second
Runner from 3rd tries for Home, SAFE, throw by RF to home
Batting: RHB Christopher Hudson 0-0: Swinging Strike
0-1: Foul Ball, location: 2F
0-2: SINGLE (Line Drive, 6D, EV 96.9 MPH)
Danny Ramires to third
Mike Anicich to second
Runner from 3rd tries for Home, SAFE, throw by CF to home
Batting: RHB Lance Ediger 0-0: Ball
1-0: Ball
2-0: Foul Ball, location: 2F
2-1: Swinging Strike
2-2: Ground out 1-3 (Groundball, 15S, EV 70.6 MPH)
Bottom of the 2nd over - 4 runs, 5 hits, 0 errors, 2 left on base; El Paso 4 - El Paso 8
TOP OF THE 3RD
El Paso Chihuahuas batting - Pitching for El Paso Sun Kings : LHP Jesus Moreno
Batting: LHB Jerry Littmann 0-0: Foul Ball, location: 2F
0-1: Ball
1-1: Swinging Strike
1-2: Ball
2-2: Ground out 5-3 (Groundball, 56S, EV 88.8 MPH)
Batting: RHB Bill Lyons 0-0: Swinging Strike
0-1: Ball
1-1: Fly out, F8 (Line Drive, 8RD, EV 92.5 MPH)
Batting: LHB Dan Murphy 0-0: Foul Ball, location: 2F
0-1: Swinging Strike
0-2: Ball
1-2: Foul Ball, location: 2F
1-2: Ball
2-2: Foul Ball, location: 2F
2-2: Foul Ball, location: 2F
2-2: Foul Ball, location: 2F
2-2: Strikes out swinging
Top of the 3rd over - 0 runs, 0 hits, 0 errors, 0 left on base; El Paso 4 - El Paso 8
BOTTOM OF THE 3RD
El Paso Sun Kings batting - Pitching for El Paso Chihuahuas : RHP Alejandro Pena
Batting: LHB Stanley Hendrickson 0-0: Ball
1-0: Called Strike
1-1: Called Strike
1-2: Ball
2-2: Foul Ball, location: 2F
2-2: Foul Ball, location: 2F
2-2: Ball
3-2: Foul Ball, location: 2F
3-2: Base on Balls
Pitching: RHP Julio Acevedo
Batting: RHB Dionisio DeJesus 0-0: Called Strike
Stanley Hendrickson is caught stealing 2nd base 2-4
0-1: Fly out, F6 (Popup, 6M, EV 59.4 MPH)
Batting: LHB Franklin Lopez 0-0: Ball
1-0: Fly out, F8 (Flyball, 8LD, EV 100.6 MPH)
Bottom of the 3rd over - 0 runs, 0 hits, 0 errors, 0 left on base; El Paso 4 - El Paso 8
TOP OF THE 4TH
El Paso Chihuahuas batting - Pitching for El Paso Sun Kings : LHP Jesus Moreno
Batting: RHB Tom Roarke 0-0: Ball
1-0: Ball
2-0: Ball
3-0: Base on Balls
Batting: RHB Leo George 0-0: Called Strike
0-1: Ball
1-1: Ball
2-1: Swinging Strike
2-2: Fly out, F8 (Line Drive, 8LM, EV 95.6 MPH)
Batting: RHB William Parmenter 0-0: Ball
1-0: Ball
2-0: Called Strike
2-1: Ball
3-1: Called Strike
3-2: Fly out, F8 (Flyball, 8LD, EV 88.8 MPH)
Batting: RHB Steven Murray 0-0: Swinging Strike
0-1: Foul Ball, location: 2F
0-2: Fly out, F8 (Flyball, 89D, EV 100.6 MPH)
Top of the 4th over - 0 runs, 0 hits, 0 errors, 1 left on base; El Paso 4 - El Paso 8
BOTTOM OF THE 4TH
El Paso Sun Kings batting - Pitching for El Paso Chihuahuas : RHP Julio Acevedo
Batting: SHB Keith Thrower 0-0: Swinging Strike
0-1: SOLO HOME RUN (Flyball, 9D, EV 88.1 MPH), Distance : 361 ft
Batting: SHB Danny Torres 0-0: Ball
1-0: Ball
2-0: Fly out, F9 (Flyball, 9S, EV 91.9 MPH)
Batting: RHB Danny Ramires 0-0: Ball
1-0: Ball
2-0: Fly out, F3 (Popup, 3, EV 62.5 MPH)
Batting: RHB Mike Anicich 0-0: Ball
1-0: Foul Ball, location: 2F
1-1: Swinging Strike
1-2: Foul Ball, location: 2F
1-2: Ball
2-2: SINGLE (Groundball, 25, EV 65.0 MPH) (infield hit)
Batting: RHB Christopher Hudson 0-0: Ball
1-0: Called Strike
1-1: Swinging Strike
1-2: Foul Ball, location: 2F
1-2: 2-RUN HOME RUN (Flyball, 78XD, EV 91.9 MPH), Distance : 421 ft
Batting: RHB Lance Ediger 0-0: SINGLE (Groundball, 56D, EV 104.4 MPH)
Batting: LHB Stanley Hendrickson 0-0: Called Strike
0-1: Foul Ball, location: 2F
0-2: Ball
1-2: Ball
2-2: Ball
3-2: SINGLE (Flyball, 7S, EV 93.1 MPH)
Lance Ediger to second
Lance Ediger to third
Batting: RHB Dionisio DeJesus 0-0: Foul Ball, location: 2F
0-1: Ball
Wild Pitch!
Lance Ediger scores
Stanley Hendrickson to second
1-1: Ground out 6-3 (Groundball, 6, EV 87.5 MPH)
Bottom of the 4th over - 4 runs, 5 hits, 0 errors, 1 left on base; El Paso 4 - El Paso 12
TOP OF THE 5TH
El Paso Chihuahuas batting - Pitching for El Paso Sun Kings : LHP Jesus Moreno
Batting: LHB Andy Van Slyke 0-0: Ball
1-0: Swinging Strike
1-1: Called Strike
1-2: Foul Ball, location: 2F
1-2: Ball
2-2: SINGLE (Groundball, 34D, EV 110.0 MPH)
Batting: RHB Jesse Vann 0-0: Called Strike
0-1: Called Strike
0-2: Foul Ball, location: 2F
0-2: Ball
1-2: Ball
2-2: Ball
3-2: Fly out, F4 (Popup, 13, EV 80.0 MPH)
Batting: LHB Jerry Littmann 0-0: Ball
1-0: Ball
2-0: Foul Ball, location: 2F
2-1: Ball
3-1: Base on Balls
Andy Van Slyke to second
Batting: RHB Bill Lyons 0-0: Ball
Andy Van Slyke steals 3rd base
Jerry Littmann to second
1-0: Foul Ball, location: 2F
1-1: Called Strike
1-2: Ground out 6-3 (Groundball, 6S, EV 62.5 MPH)
Andy Van Slyke scores
Jerry Littmann to third
Batting: LHB Dan Murphy 0-0: Called Strike
0-1: Swinging Strike
0-2: Ground out 5-3 (Groundball, 56, EV 88.8 MPH)
Top of the 5th over - 1 run, 1 hit, 0 errors, 1 left on base; El Paso 5 - El Paso 12
BOTTOM OF THE 5TH
El Paso Sun Kings batting - Pitching for El Paso Chihuahuas : RHP Julio Acevedo
Batting: LHB Franklin Lopez 0-0: Ball
1-0: Ball
2-0: Foul Ball, location: 2F
2-1: SINGLE (Groundball, 6S, EV 68.1 MPH) (infield hit)
Batting: SHB Keith Thrower 0-0: Foul Ball, location: 2F
0-1: Ball
1-1: Fielders Choice at 2nd, 5-4 (Groundball, 5S, EV 85.6 MPH)
Batting: SHB Danny Torres 0-0: Ball
1-0: Called Strike
1-1: Ball
2-1: DOUBLE (Line Drive, 78D, EV 100.6 MPH)
Keith Thrower to third
Runner from 3rd tries for Home, SAFE, throw by LF to trailing runner, SAFE at third!
Batting: RHB Danny Ramires 0-0: Ball
1-0: SINGLE (Groundball, 25, EV 71.3 MPH) (infield hit)
Batting: RHB Mike Anicich 0-0: Called Strike
0-1: Ball
1-1: Ball
2-1: Foul Ball, location: 2F
2-2: Grounds into double play, 3-6-3 (Groundball, 34, EV 99.4 MPH)
Bottom of the 5th over - 1 run, 3 hits, 0 errors, 1 left on base; El Paso 5 - El Paso 13
TOP OF THE 6TH
El Paso Chihuahuas batting - Pitching for El Paso Sun Kings : LHP Jesus Moreno
Batting: RHB Tom Roarke 0-0: Ground out 5-3 (Groundball, 5S, EV 81.3 MPH)
Batting: RHB Leo George 0-0: Reached on error, E6 (Groundball, 6, EV 90.6 MPH)
Batting: RHB William Parmenter 0-0: Called Strike
0-1: Ball
1-1: Called Strike
1-2: Foul Ball, location: 2F
1-2: Strikes out looking
Batting: RHB Steven Murray 0-0: Ball
1-0: Foul Ball, location: 2F
1-1: Called Strike
1-2: Strikes out looking
Top of the 6th over - 0 runs, 0 hits, 1 error, 1 left on base; El Paso 5 - El Paso 13
BOTTOM OF THE 6TH
El Paso Sun Kings batting - Pitching for El Paso Chihuahuas : RHP Julio Acevedo
Batting: RHB Christopher Hudson 0-0: Ball
1-0: Fly out, F8 (Line Drive, 8RD, EV 96.3 MPH)
Batting: RHB Lance Ediger 0-0: Ball
1-0: Ball
2-0: Ball
3-0: Called Strike
3-1: Base on Balls
Batting: LHB Stanley Hendrickson 0-0: Ball
1-0: Ball
2-0: Ball
Wild Pitch!
Lance Ediger to second
3-0: Base on Balls
Pitching: RHP Manuel Adams
Batting: RHB Dionisio DeJesus 0-0: Ball
1-0: Ball
2-0: Fly out, F6 (Flyball, 6MD, EV 81.3 MPH)
Batting: LHB Franklin Lopez 0-0: Ball
1-0: Foul Ball, location: 2F
1-1: Foul Ball, location: 2F
1-2: SINGLE (Groundball, 25, EV 66.9 MPH) (infield hit)
Lance Ediger to third
Stanley Hendrickson to second
Batting: SHB Keith Thrower 0-0: Ball
1-0: Ball
2-0: Called Strike
2-1: Ball
3-1: Fly out, F8 (Flyball, 8LS, EV 87.5 MPH)
Bottom of the 6th over - 0 runs, 1 hit, 0 errors, 3 left on base; El Paso 5 - El Paso 13
TOP OF THE 7TH
El Paso Chihuahuas batting - Pitching for El Paso Sun Kings : LHP Jesus Moreno
Batting: LHB Andy Van Slyke 0-0: Swinging Strike
0-1: Ball
1-1: Swinging Strike
1-2: Strikes out swinging
Batting: RHB Jesse Vann 0-0: Ball
1-0: Ball
2-0: Called Strike
2-1: Ball
3-1: Foul Ball, location: 2F
3-2: Fly out, F7 (Flyball, 7S, EV 79.4 MPH)
Batting: LHB Jerry Littmann 0-0: Ball
1-0: Ball
2-0: Ball
3-0: Called Strike
3-1: Base on Balls
Batting: RHB Bill Lyons 0-0: Called Strike
0-1: Foul Ball, location: 2F
0-2: Ball
1-2: Strikes out swinging
Top of the 7th over - 0 runs, 0 hits, 0 errors, 1 left on base; El Paso 5 - El Paso 13
BOTTOM OF THE 7TH
El Paso Sun Kings batting - Pitching for El Paso Chihuahuas : RHP Manuel Adams
Batting: SHB Danny Torres 0-0: Ball
1-0: Ball
2-0: Fly out, F5 (Popup, 5SF, EV 81.9 MPH)
Batting: RHB Danny Ramires 0-0: Ball
1-0: Swinging Strike
1-1: Ball
2-1: Swinging Strike
2-2: Foul Ball, location: 2F
2-2: Ball
3-2: Strikes out looking
Pinch Hitting: RHB James Barbe 0-0: Called Strike
0-1: Called Strike
0-2: Ball
1-2: SINGLE (Line Drive, 78S, EV 104.4 MPH)
Batting: RHB Christopher Hudson 0-0: Swinging Strike
0-1: Ball
1-1: Called Strike
1-2: Foul Ball, location: 2F
1-2: SINGLE (Groundball, 6MD, EV 104.4 MPH)
James Barbe to second
Batting: RHB Lance Ediger 0-0: Called Strike
0-1: Ground out 4-3 (Groundball, 4, EV 95.0 MPH)
Bottom of the 7th over - 0 runs, 2 hits, 0 errors, 2 left on base; El Paso 5 - El Paso 13
TOP OF THE 8TH
El Paso Chihuahuas batting - Pitching for El Paso Sun Kings : LHP Jesus Moreno
Now at 1B: James Barbe
Batting: LHB Dan Murphy 0-0: Ball
1-0: Fly out, F7 (Flyball, 78M, EV 94.4 MPH)
Pitching: RHP James Rogers
Batting: RHB Tom Roarke 0-0: Called Strike
0-1: SINGLE (Line Drive, 34D, EV 95.6 MPH)
Batting: RHB Leo George 0-0: Ball
1-0: Fly out, F9 (Flyball, 9LS, EV 96.3 MPH)
Batting: RHB William Parmenter 0-0: Called Strike
0-1: Ball
1-1: Ball
2-1: Ball
3-1: Base on Balls
Tom Roarke to second
Batting: RHB Steven Murray 0-0: Called Strike
0-1: Ball
1-1: Fly out, F4 (Popup, 4MD, EV 63.8 MPH)
Top of the 8th over - 0 runs, 1 hit, 0 errors, 2 left on base; El Paso 5 - El Paso 13
BOTTOM OF THE 8TH
El Paso Sun Kings batting - Pitching for El Paso Chihuahuas : RHP Manuel Adams
Batting: LHB Stanley Hendrickson 0-0: Foul Ball, location: 2F
0-1: Ball
1-1: Swinging Strike
1-2: Ball
2-2: Ball
3-2: SINGLE (Flyball, 5D, EV 92.5 MPH)
Batting: RHB Dionisio DeJesus 0-0: SINGLE (Groundball, 56D, EV 99.4 MPH)
Stanley Hendrickson to second
Batting: LHB Franklin Lopez 0-0: Ball
Wild Pitch!
Stanley Hendrickson to third
Dionisio DeJesus to second
1-0: Ball
2-0: Called Strike
2-1: Called Strike
2-2: Ball
3-2: Base on Balls
Batting: SHB Keith Thrower 0-0: Ball
1-0: Ball
2-0: Ball
3-0: Base on Balls
Stanley Hendrickson scores
Dionisio DeJesus to third
Franklin Lopez to second
Pinch Hitting: SHB Wayne Stone 0-0: Foul Ball, location: 2F
0-1: Foul Ball, location: 2F
0-2: Ball
Wild Pitch!
Dionisio DeJesus scores
Franklin Lopez to third
Keith Thrower to second
1-2: Ground out 4-3 (Groundball, 4, EV 85.6 MPH)
Franklin Lopez scores
Keith Thrower to third
Pitching: RHP Russell Burgin
Batting: RHB Danny Ramires 0-0: Ball
1-0: SINGLE (Line Drive, 3D, EV 100.0 MPH)
Keith Thrower scores
Batting: RHB James Barbe 0-0: Called Strike
0-1: Called Strike
0-2: Ball
1-2: Strikes out swinging
Batting: RHB Christopher Hudson 0-0: Swinging Strike
0-1: Ball
1-1: Foul Ball, location: 2F
1-2: Ball
2-2: Strikes out looking
Bottom of the 8th over - 4 runs, 3 hits, 0 errors, 1 left on base; El Paso 5 - El Paso 17
TOP OF THE 9TH
El Paso Chihuahuas batting - Pitching for El Paso Sun Kings : RHP James Rogers
Now at 3B: Wayne Stone
Batting: LHB Andy Van Slyke 0-0: Called Strike
0-1: Ball
1-1: Foul Ball, location: 2F
1-2: Foul Ball, location: 2F
1-2: Foul Ball, location: 2F
1-2: Foul Ball, location: 2F
1-2: Ball
2-2: Ball
3-2: Ground out 6-3 (Groundball, 6, EV 86.9 MPH)
Batting: RHB Jesse Vann 0-0: Ball
1-0: Swinging Strike
1-1: Swinging Strike
1-2: Strikes out swinging
Batting: LHB Jerry Littmann 0-0: Ball
1-0: Foul Ball, location: 2F
1-1: Ball
2-1: Ball
3-1: Base on Balls
Batting: RHB Bill Lyons 0-0: Called Strike
0-1: Ball
1-1: 2-RUN HOME RUN (Flyball, 7D, EV 96.9 MPH), Distance : 371 ft
Batting: LHB Dan Murphy 0-0: Ball
1-0: Ball
2-0: Ball
3-0: Called Strike
3-1: SINGLE (Groundball, 4MD, EV 98.1 MPH)
Batting: RHB Tom Roarke 0-0: Called Strike
0-1: Ball
1-1: Foul Ball, location: 2F
1-2: Strikes out swinging
Top of the 9th over - 2 runs, 2 hits, 0 errors, 1 left on base; El Paso 7 - El Paso 17
Friday, August 7th, 2020 - OOTP Baseball 21.5 Build 76